 Dungeon Crawl Stone Soup version 0.31-a0-810-ga77100ea1a (webtiles) character file.

Game seed: 9927860766904302061

346 ytrimaz the Covert (level 6, -1/41 HPs)
             Began as an Octopode Shapeshifter on Sept 21, 2023.
             Slain by a phantom (8 damage)
             ... on level 4 of the Dungeon.
             The game lasted 00:02:55 (2018 turns).

ytrimaz the Covert (Octopode Shapeshifter)          Turns: 2018, Time: 00:02:55

Health: -1/41      AC:  1    Str: 13    XL:     6   Next: 59%
Magic:  6/6        EV: 13    Int: 13    God:
Gold:   73         SH:  0    Dex: 13    Spells: 5/5 levels left

rFire   . .          .
                       - Unarmed
rCold   . . .        (no shield)
rNeg    . . .        (helmet currently unavailable)
rPois   .            a - amulet of magic regeneration
rElec   .            (no ring)
rCorr   .            (no ring)
SInv    .            (no ring)
Will    .....        (no ring)
Stlth   +++++        (no ring)
HPRegen 0.26/turn    (no ring)
MPRegen 0.50/turn    (no ring)
                     (no ring)

%: no passive effects
@: about to teleport, beast-form
A: beast (slay +1), almost no armour, amphibious, 8 rings, camouflage 1,
gelatinous body 1, (nimble swimmer 1), tentacles
a: Begin Untransformation


You were on level 4 of the Dungeon.
You were a hulking beast.
You visited 1 branch of the dungeon, and saw 3 of its levels.

You collected 73 gold pieces.


Innate Abilities, Weirdness & Mutations

You are a hulking beast.
Your limbs bulge with bestial killing power. (Slay +1)
You cannot wear most types of armour.
You are amphibious.
You can wear up to eight rings at the same time.
Your skin changes colour to match your surroundings (Stealth+).
Your rubbery body absorbs attacks. (AC +1, EV +1)
((You are camouflaged when in or above water. (Stealth+)))
You have tentacles for arms and can constrict up to eight enemies at once.


   Skills:
 + Level 2.9 Fighting
 - Level 2.0 Dodging
 * Level 8.1 Stealth
 - Level 3.0 Unarmed Combat
 - Level 3.0 Shapeshifting


You had 5 spell levels left.
You didn't know any spells.
Your spell library contained the following spells:

 Spells                   Type           Power      Damage    Failure   Level
 Alistair's Intoxication  Tmut/Pois      0%         N/A       100%        5
 Borgnjor's Vile Clutch   Necr/Erth      0%         N/A       100%        5
 Eringya's Noxious Bog    Tmut/Pois      0%         4d6       100%        6

Inventory:

Jewellery
 a - an amulet of magic regeneration (around mantle)
   (You found it on level 4 of the Dungeon)
Talismans
 b - a beast talisman (active)
 c - a flux talisman
Scrolls
 i - a scroll of teleportation
 k - a scroll of identify {unknown}
 l - a scroll of immolation {unknown}

Dungeon Overview and Level Annotations

Branches:
Dungeon (2/15) Zot: 15989

Altars:

#§ #§ #§ #§ #§ #§
### #§##### .###
#§hWW§########...#
#####§§§§§....##.#
#..§§§....##.##
#....§....##.†.
#..........§§##
#.......).##.#
#.........##.#
#.........##.#
#.........##.#


You could see 2 phantoms.


Message History

Items here: ) †††.
There is a broken door here.
Things that are here:
a +0 dagger; a goblin corpse Key pressed, stopping explore.
A worm comes into view. 😎 HP[+1]
Your hp is fully restored (41).
A worm is nearby!
A worm is nearby!
A worm is nearby!
A worm is nearby!
A worm is nearby!
The helpless worm fails to defend itself.
You tentacle-slap the worm. You grab the worm. You constrict the worm.
The worm barely misses you.
Unknown command.
You tentacle-slap the worm. You constrict the worm.
You completely miss the worm. You tentacle-slap the worm.
You constrict the worm. The worm bites you but does no damage.
You tentacle-slap the worm. You constrict the worm.
The worm bites you! 😕 HP[-8]
You take 8 damage, and now have 33/41 hp.
Unknown command.
You tentacle-slap the worm. You squeeze the worm.
You kill the worm!
You see here a worm corpse.
A phantom comes into view. 😎 HP[+8]
Your hp is fully restored (41).
A phantom is nearby!
A kobold comes into view. It is wielding a +0 whip.
There are monsters nearby!
There are monsters nearby!
A phantom comes into view.
You tentacle-slap the kobold. You grab the kobold. You constrict the kobold.
You release your grip on the kobold.
The kobold closely misses you.
Unknown command.
You barely miss the kobold. Your grab misses the kobold.
The kobold closely misses you.
You tentacle-slap the kobold.
You kill the kobold!
You closely miss the phantom. The phantom barely misses you.
Unknown command.
You tentacle-slap the phantom. The phantom hits you.
The phantom blinks!
You blink.
Found an escape hatch in the floor. 😕 HP[-4]
You take 4 damage, and now have 37/41 hp.
You closely miss the phantom.
You squeeze the phantom, but do no damage.
The phantom hits you.
The phantom blinks!
You blink. 😕 HP[-6]
You take 6 damage, and now have 31/41 hp.
Unknown command.
You closely miss the phantom. Your squeeze misses the phantom.
The phantom hits you. 😮 HP[-6]
You take 6 damage, and now have 25/41 hp.
You barely miss the phantom. Your squeeze misses the phantom.
The phantom hits you.
The phantom blinks!
You blink.
The phantom hits you.
The phantom blinks!
You blink. 😮 HP[-2]
You take 2 damage, and now have 23/41 hp.
Unknown command.
The phantom hits you!
* * * LOW HITPOINT WARNING * * *
😨 HP[-7]
You take 7 damage, and now have 16/41 hp.
There is an escape hatch in the floor here.
Unknown command. 😨 HP[+1]
You aren't carrying any potions.
The air fills with toxic fumes!
As you read the scroll labelled DAERCH QUSUUR, it crumbles to dust.
It was a scroll of poison.
The phantom hits you!
* * * LOW HITPOINT WARNING * * *
😱 HP[-7]
You take 7 damage, and now have 10/41 hp.
Unknown command.
You closely miss the phantom.
Unknown command.
You tentacle-slap the phantom.
Your tentacle-slap misses the phantom.
The phantom hits you.
* * * LOW HITPOINT WARNING * * *
😱 HP[-3]
You take 3 damage, and now have 7/41 hp.
Unknown command.
As you read the scroll labelled ENGEOTTI ZUEMA, it crumbles to dust.
You feel strangely unstable.
It was a scroll of teleportation.
The phantom closely misses you.
Unknown command.
Okay, then.
Unknown command.
You tentacle-slap the phantom. Your squeeze misses the phantom.
The phantom hits you!
You die...

Skill      XL: |  1  2  3  4  5  6 |
---------------+-------------------+-----
Stealth        | 2 3 5 6 7 8 |  8.1
Fighting       | 2 |  2.9
Dodging        | |  2.0
Unarmed Combat | |  3.0
Shapeshifting  | |  3.0

Action                     |  1- 3 |  4- 6 || total
---------------------------+-------+-------++-------
  Melee: Unarmed           |    70 |    85 ||   155
         Tentacles         |    12 |    17 ||    29
         Constrict         |    20 |    14 ||    34
         Punch             |     4 |     2 ||     6
    Use: Potion            |       |     7 ||     7
         Scroll            |       |     3 ||     3
   Stab: Sleeping          |    14 |    10 ||    24
         Distracted        |       |     1 ||     1
 Armour: Skin              |    32 |    57 ||    89
  Dodge: Dodged            |    58 |    42 ||   100

Levels and vault maps discovered:
D:1:      dpeg_arrival_pits, layout_loops_corners
D:2:      minmay_roachtagon, layout_loops_cross
D:4:      layout_basic, hangedman_decor_riveting, uniq_robin, uniq_natasha,
          uniq_menkaure

Notes
Turn   | Place    | Note
-------+----------+-------------------------------------------
     0 | D:1      | ytrimaz the Octopode Shapeshifter began the quest for the
                  | Orb.
     0 | D:1      | Reached XP level 1. HP: 13/13 MP: 1/1
     0 | D:1      | magus.rc [v1.9.6]
   109 | D:1      | Reached skill level 1 in Stealth
   173 | D:1      | Reached skill level 2 in Stealth
   178 | D:1      | HP: 3/13 [dart slug (1)]
   180 | D:1      | Reached XP level 2. HP: 4/18 MP: 2/2
   335 | D:1      | Reached skill level 3 in Stealth
   336 | D:1      | Reached XP level 3. HP: 12/23 MP: 3/3
   458 | D:1      | Reached skill level 4 in Stealth
  1022 | D:2      | You add the spells Alistair's Intoxication, Borgnjor's Vile
                  | Clutch and Eringya's Noxious Bog to your library.
  1162 | D:2      | Reached skill level 5 in Stealth
  1165 | D:2      | Reached XP level 4. HP: 22/28 MP: 4/4
  1170 | D:2      | HP: 3/28 [kobold/+0 short sword (5)]
  1521 | D:2      | You fall into a shaft and drop 2 floors!
  1582 | D:4      | Reached skill level 6 in Stealth
  1655 | D:4      | Reached XP level 5. HP: 34/34 MP: 5/5
  1805 | D:4      | Noticed Menkaure
  1805 | D:4      | Noticed a black bear
  1821 | D:4      | Killed Menkaure
  1822 | D:4      | Reached skill level 2 in Fighting
  1822 | D:4      | Reached skill level 7 in Stealth
  1822 | D:4      | Reached XP level 6. HP: 22/41 MP: 6/6
  1824 | D:4      | Killed a black bear
  1877 | D:4      | Reached skill level 8 in Stealth
  2014 | D:4      | HP: 10/41 [phantom (7)]
  2018 | D:4      | Slain by a phantom

Vanquished Creatures
  Menkaure (D:4)
  A black bear (D:4)
  2 hounds (D:4)
  2 iguanas (D:4)
  A gnoll (D:1)
  An ufetubus (D:4)
  A worm (D:4)
  5 dart slugs
  An orc (D:4)
  4 ball pythons
  5 endoplasms
  14 giant cockroaches
  8 goblins
  4 hobgoblins
  8 jackals (D:1)
  6 kobolds
  4 bats
  A frilled lizard (D:2)
  3 rats
72 creatures vanquished.

Table legend:
 A = Non-vault XP
 B = Vault XP
 C = Vault XP percentage of total XP
 D = Non-vault monster count
 E = Vault monster count
 F = Vault count percentage of total count
                 A         B        C        D         E       F
            +---------+---------+-------+---------+---------+-------
      Total |     308 |     187 |  37.8 |      62 |      10 |  13.9
            +---------+---------+-------+---------+---------+-------
        D:1 |      69 |       0 |   0.0 |      30 |       0 |   0.0
        D:2 |      28 |      18 |  39.1 |      16 |       9 |  36.0
        D:4 |     211 |     169 |  44.5 |      16 |       1 |   5.9
            +---------+---------+-------+---------+---------+-------

Skill      XL: |  1  2  3  4  5  6 |
---------------+-------------------+-----
Stealth        | 2 3 5 6 7 8 |  8.1
Fighting       | 2 |  2.9
Dodging        | |  2.0
Unarmed Combat | |  3.0
Shapeshifting  | |  3.0

Action                     |  1- 3 |  4- 6 || total
---------------------------+-------+-------++-------
  Melee: Unarmed           |    70 |    85 ||   155
         Tentacles         |    12 |    17 ||    29
         Constrict         |    20 |    14 ||    34
         Punch             |     4 |     2 ||     6
    Use: Potion            |       |     7 ||     7
         Scroll            |       |     3 ||     3
   Stab: Sleeping          |    14 |    10 ||    24
         Distracted        |       |     1 ||     1
 Armour: Skin              |    32 |    57 ||    89
  Dodge: Dodged            |    58 |    42 ||   100

Illustrated notes

Table legend:
 A = Kills in this place as a percentage of kills in the entire game.
 B = Kills by you in this place as a percentage of kills by you in the entire game.
 C = Kills by friends in this place as a percentage of kills by friends in the entire game.
 D = Other kills in this place as a percentage of other kills in the entire game.
 E = Experience gained in this place as a percentage of experience gained in the entire game.
 F = Experience gained in this place divided by the number of levels of this place that you have seen.
                   A       B       C       D       E      F
               +-------+-------+-------+-------+-------+----------------------
         Total | 100.0 | 100.0 |   N/A |   N/A | 100.0 | 165.0
       Dungeon | 100.0 | 100.0 |   N/A |   N/A | 100.0 | 165.0
               +-------+-------+-------+-------+-------+----------------------

Table legend: (Time is in decaauts)
 A = Elapsed time spent in this place.
 B = Non-inter-level travel time spent in this place.
 C = Inter-level travel time spent in this place.
 D = Time resting spent in this place.
 E = Time spent auto-exploring this place.
 F = Levels seen in this place.
 G = Mean time per level.
                   A        B        C        D        E       F      G
               +--------+--------+--------+--------+--------+-----+--------+
         Total |   2010 |   1980 |     30 |     17 |   1476 |   3 |  670.0 |
       Dungeon |   2010 |   1980 |     30 |     17 |   1476 |   3 |  670.0 |
               +--------+--------+--------+--------+--------+-----+--------+

Top non-repeatable levels by time:
     D:1: 1008 daAuts
     D:2: 507 daAuts
     D:4: 494 daAuts
